 Dungeon Crawl Stone Soup version 0.30.1-11-g7821555f0a (webtiles) character file.

Game seed: 6611918591273713979

67 Dvallin the Ruffian (level 4, -1/41 HPs)
             Began as an Ogre Transmuter on Dec 5, 2023.
             Slain by a goblin
             ... wielding a +0 dagger
             ... led by Robin
              (3 damage)
             ... on level 2 of the Dungeon.
             The game lasted 00:02:49 (820 turns).

Dvallin the Ruffian (Ogre Transmuter)                Turns: 820, Time: 00:02:49

Health: -1/41      AC:  3    Str: 14    XL:     4   Next: 16%
Magic:  3/8        EV:  9    Int: 16    God:
Gold:   128        SH:  0    Dex:  9    Spells: 3/9 levels left

rFire   + .          .
                       - Unarmed
rCold   . . .        (no shield)
rNeg    . . .        a - +0 robe
rPois   .            (helmet currently unavailable)
rElec   .            h - scarf {repulsion}
rCorr   .            (gloves unavailable)
SInv    .            (boots unavailable)
Will    .....        (no amulet)
Stlth   +            g - ring of protection from fire
HPRegen 0.26/turn    (no ring)
MPRegen 0.11/turn

%: repel missiles
@: appendages (expiring), wereblooded (expiring)
A: horns 2, talons 2, large, unfitting armour, tough skin 1
a: End Transformation


You were on level 2 of the Dungeon.
You had temporarily grown beastly horns and talons.
You visited 1 branch of the dungeon, and saw 2 of its levels.

You collected 128 gold pieces.

Inventory:

Armour
 a - a +0 robe (worn)
 h - a scarf of repulsion (worn)
Jewellery
 g - a ring of protection from fire (left hand)
Scrolls
 c - 2 scrolls of identify {unknown}
 e - a scroll of fear {unknown}
 f - 2 scrolls of poison {unknown}
Potions
 b - a potion of lignification
 d - a potion of ambrosia {unknown}
 i - 2 potions of heal wounds {unknown}


   Skills:
 - Level 1.3 Fighting
 - Level 1.7 Dodging
 * Level 3.5 Unarmed Combat
 + Level 3.0 Spellcasting
 * Level 2.8 Transmutations


You had 3 spell levels left.
You knew the following spells:

 Your Spells              Type           Power      Damage    Failure   Level
a - Beastly Appendage     Tmut           22%        N/A       6%          1
b - Wereblood             Tmut           11%        N/A       9%          2
c - Spider Form           Tmut/Pois      6%         N/A       30%         3

Your spell library contained the following spells:

 Spells                   Type           Power      Damage    Failure   Level
 Ice Form                 Ice/Tmut       6%         N/A       71%         4


Dungeon Overview and Level Annotations

Branches:
Dungeon (2/15)

Altars:


Innate Abilities, Weirdness & Mutations

You have temporarily grown beastly horns and talons.
You are too large for most types of armour.
You have tough skin. (AC +1)


Message History

The kobold barely misses you.
Your Spellcasting skill increases to level 3!
You have reached level 4!
You hit the goblin. Your kick misses the goblin.
The goblin is severely wounded.
The goblin no longer looks unusually strong.
The hobgoblin no longer looks unusually strong.
The goblin hits you with a +0 club.
* * * LOW HITPOINT WARNING * * *
The kobold hits you with a +0 club.
* * * LOW HITPOINT WARNING * * *
You hit the kobold.
You feel a bit better.
You kill the kobold!
Your transformation is almost over.
The goblin hits you with a +0 club.
* * * LOW HITPOINT WARNING * * *
You hit the goblin.
You feel a bit better.
You kill the goblin!
You howl as the wereblood boils in your veins!
The goblin no longer looks unusually strong.
The hobgoblin no longer looks unusually strong.
You barely miss the goblin.
Your primal bloodlust is almost over.
The goblin hits you with a +0 club.
* * * LOW HITPOINT WARNING * * *
You hit the goblin.
You feel a bit better.
You kill the goblin!
You barely miss the goblin. You headbutt the goblin.
You feel a bit better.
You kill the goblin!
The hobgoblin hits you but does no damage.
The goblin hits you with a +0 club.
* * * LOW HITPOINT WARNING * * *
The goblin hits you with a +0 dagger.
* * * LOW HITPOINT WARNING * * *
There is a stone staircase leading up, spattered with blood here.
Items here: ))))) [[ ††.
The hobgoblin closely misses you. The goblin hits you with a +0 club.
* * * LOW HITPOINT WARNING * * *
The goblin hits you with a +0 dagger.
You die...

### # #..
##.###g###
#..))@ggg#
##.###g#.#
# #g. #...
####


You could see 2 hobgoblins and 4 goblins.

Vanquished Creatures
  Robin (D:2)
  A gnoll (D:1)
  3 dart slugs (D:1)
  8 endoplasms (D:1)
  3 giant cockroaches (D:1)
  5 goblins
  A hobgoblin (D:2)
  A quokka (D:1)
  3 ball pythons (D:1)
  3 bats (D:1)
  4 frilled lizards (D:1)
  3 kobolds
  5 rats (D:1)
41 creatures vanquished.

Notes
Turn   | Place    | Note
-------+----------+-------------------------------------------
     0 | D:1      | Dvallin the Ogre Transmuter began the quest for the Orb.
     0 | D:1      | Reached XP level 1. HP: 19/19 MP: 3/3
   109 | D:1      | Reached XP level 2. HP: 21/27 MP: 3/5
   365 | D:1      | Learned a level 2 spell: Wereblood
   373 | D:1      | Reached XP level 3. HP: 31/33 MP: 5/7
   517 | D:1      | Learned a level 3 spell: Spider Form
   798 | D:2      | Noticed Robin
   812 | D:2      | Killed Robin
   813 | D:2      | Reached XP level 4. HP: 9/41 MP: 2/8
   820 | D:2      | HP: 2/41 [goblin/+0 club[Robin] (5)]
   820 | D:2      | Slain by a goblin

Illustrated notes

Levels and vault maps discovered:
D:1:      psy_arrival_radial01, layout_rooms, minivault_19, minmay_octomino_j4
D:2:      layout_loops_cross, uniq_natasha, uniq_robin

Skill      XL: |  1  2  3 |
---------------+----------+-----
Transmutations | 2 |  2.8
Unarmed Combat | 3 |  3.5
Spellcasting   | 3 |  3.0
Fighting       | |  1.3
Dodging        | |  1.7

Action                     |  1- 3 |  4- 6 || total
---------------------------+-------+-------++-------
  Melee: Unarmed           |   107 |     6 ||   113
         Kick              |    25 |       ||    25
         Headbutt          |    12 |     1 ||    13
   Cast: Beastly Appendage |    21 |       ||    21
         Wereblood         |     1 |       ||     1
 Armour: Robe              |    29 |     1 ||    30
  Dodge: Dodged            |    73 |     1 ||    74
